 Dungeon Crawl Stone Soup version 0.27-a0-1232-gc6a4cbde82 (webtiles) character file.

Game seed: 4312022683712291791

75 ZappyNine the Skirmisher (level 4, 0/41 (50) HPs)
             Began as an Ogre Fighter on June 8, 2021.
             Slain by a wight
             ... wielding a +0 long sword
              (8 damage)
             ... on level 3 of the Dungeon.
             The game lasted 00:02:11 (2540 turns).

ZappyNine the Skirmisher (Ogre Fighter)             Turns: 2540, Time: 00:02:12

HP:   0/41 (50)     AC:  3    Str: 20    XL:     4   Next: 31%
MP:   4/4           EV:  8    Int:  9    God:
Gold: 157           SH:  8    Dex:  9    Spells: 3/3 levels left

rFire    . . .     SeeInvis .   a - +0 flail
rCold    . . .     Faith    .   c - +0 kite shield
rNeg     . . .     Spirit   .   b - +0 robe
rPois    .         Reflect  .   (helmet restricted)
rElec    .         Harm     .   (no cloak)
rCorr    .         Rampage  .   (gloves unavailable)
Will     .....                  (boots unavailable)
Stlth    +.........             (no amulet)
HPRegen  0.13/turn              (no ring)
MPRegen  0.09/turn              (no ring)

@: mighty, heavily drained
A: large, unfitting armour, tough skin 1
a: no special abilities


You were on level 3 of the Dungeon.
You visited 1 branch of the dungeon, and saw 4 of its levels.

You collected 157 gold pieces.

Inventory:

Hand Weapons
 a - a +0 flail (weapon)
Missiles
 m - 3 silver boomerangs (quivered)
Armour
 b - a +0 robe (worn)
 c - a +0 kite shield (worn)
Scrolls
 e - 2 scrolls of amnesia {unknown}
 f - a scroll of holy word {unknown}
 h - a scroll of teleportation {unknown}
 i - a scroll of enchant weapon {unknown}
 j - 3 scrolls of noise {unknown}
 k - a scroll of vulnerability {unknown}
 l - 2 scrolls of fog {unknown}
 n - a scroll of magic mapping {unknown}
 p - a scroll of immolation {unknown}
 q - a scroll of torment {unknown}
Potions
 g - 2 potions of brilliance {unknown}
 o - a potion of attraction {unknown}
 r - a potion of invisibility {unknown}


   Skills:
 + Level 5.4 Fighting
 * Level 3.0 Maces & Flails
 + Level 0.2 Throwing
 - Level 2.7 Dodging
 - Level 2.7 Shields


You had 3 spell levels left.
You didn't know any spells.
Your spell library contained the following spells:

 Spells                   Type           Power      Damage    Failure   Level
 Corona                   Hex            0%         N/A       83%         1
 Magic Dart               Conj           0%         1d3       83%         1
 Ensorcelled Hibernation  Hex/Ice        0%         N/A       93%         2
 Searing Ray              Conj           0%         3d3       93%         2
 Confusing Touch          Hex            0%         N/A       99%         3
 Dazzling Flash           Conj/Hex       0%         N/A       99%         3
 Tukima's Dance           Hex            0%         N/A       99%         3
 Fulminant Prism          Conj/Hex       0%         3d6       100%        4
 Iskenderun's Mystic Bla  Conj/Tloc      0%         2d3       100%        4


Dungeon Overview and Level Annotations

Branches:
Dungeon (4/15)
 Temple: D:4-7

Altars:
Gozag

Shops:
D:2 (


Innate Abilities, Weirdness & Mutations

You are too large for most types of armour.
You have tough skin. (AC +1)


Message History

The hobgoblin is severely wounded.
You block the hobgoblin's attack. The wight barely misses you.
The hobgoblin closely misses you.
You sock the hobgoblin!
You kill the hobgoblin!
The wight hits you with a +0 short sword.
You feel drained.
You hit the wight.
The wight is moderately damaged.
The wight closely misses you.
You hit the wight but do no damage.
The wight is moderately damaged.
The wight hits you with a +0 short sword!
You feel drained. You block the wight's attack.
The wight hits you with a +0 short sword.
You are too injured to fight recklessly!
You are too injured to fight recklessly!
You are too injured to fight recklessly!
You are too injured to fight recklessly!
You are too injured to fight recklessly!
There are monsters nearby!
There are monsters nearby!
Unknown command.
You block the wight's attack.
There is a stone staircase leading up here.
The wight hits you with a +0 long sword.
You feel drained.
You climb upwards.
There is a stone staircase leading down here.
You see here a hobgoblin skeleton.
You feel very mighty all of a sudden. You block the wight's attack.
You barely miss the wight.
The wight is moderately damaged.
The wight hits you with a +0 long sword!
* * * LOW HITPOINT WARNING * * *
You feel drained.
* * * LOW HITPOINT WARNING * * *
The wight hits you with a +0 long sword!
You die...

.# #...# #.# #.#####.#
.###...# #.# #.# #.#
#...#..# #.# ##.## #.#
.......# #.###...####.#
#####..# #............#
#..# #.###>..###.##
####..# #.# ##.## #.#
##.....####.# #z# #.#
............# #@# #.#
##.##.......####.# #.#
##.##.####....(..# #.#
##.##.# #..###### #.#
.#.##.####..## #.#
....#........########.###
........####............#
#.####..# #.########.#.#
....##.## #..........#.#


You could see a wight.

Vanquished Creatures
  A worm (D:2)
  3 dart slugs
  5 orcs (D:3)
  5 bats
  7 endoplasms
  A giant cockroach (D:3)
  7 goblins
  6 hobgoblins
  A quokka (D:1)
  7 ball pythons
  3 frilled lizards
  2 kobolds
  13 rats
61 creatures vanquished.

Notes
Turn   | Place    | Note
-------+----------+-------------------------------------------
     0 | D:1      | ZappyNine the Ogre Fighter began the quest for the Orb.
     0 | D:1      | Reached XP level 1. HP: 24/24 MP: 1/1
   332 | D:1      | Reached XP level 2. HP: 33/33 MP: 2/2
   810 | D:1      | Reached XP level 3. HP: 40/40 MP: 3/3
  1120 | D:2      | Found Yfuish's Weapon Shop.
  1317 | D:2      | Reached skill level 5 in Fighting
  1501 | D:2      | Found a faded altar of an unknown god.
  1746 | D:3      | Reached XP level 4. HP: 46/50 MP: 4/4
  2283 | D:3      | Found an opulent altar of Gozag.
  2540 | D:3      | Slain by a wight

Illustrated notes

Levels and vault maps discovered:
D:1:      zaba_arrival_water, layout_loops_ring, minmay_rat_gold_closets
D:2:      layout_basic, ebering_ecumenical_altar_sacrificial, serial_shops,
          nicolae_shop_trees
D:3:      layout_loops_ring, old_standard_altar
D:4:      layout_cave_pools, temple_hall_moat

Skill      XL: |  1  2  3  4 |
---------------+-------------+-----
Maces & Flails | 2 3 |  3.0
Fighting       | 5 |  5.4
Throwing       | |  0.2
Dodging        | |  2.7
Shields        | |  2.7

Action                   |  1- 3 |  4- 6 || total
-------------------------+-------+-------++-------
Melee: Flail             |   135 |    42 ||   177
  Use: Potion            |       |     1 ||     1
 Stab: Sleeping          |     1 |       ||     1
Armor: Robe              |    43 |    18 ||    61
Dodge: Dodged            |    55 |    18 ||    73
Block: Kite shield       |    65 |    23 ||    88

Table legend: (Time is in decaauts)
 A = Elapsed time spent in this place.
 B = Non-inter-level travel time spent in this place.
 C = Inter-level travel time spent in this place.
 D = Time resting spent in this place.
 E = Time spent auto-exploring this place.
 F = Levels seen in this place.
 G = Mean time per level.
                   A        B        C        D        E       F      G
               +--------+--------+--------+--------+--------+-----+--------+
         Total |   2631 |   2569 |     62 |    236 |   1859 |   4 |  657.8 |
       Dungeon |   2631 |   2569 |     62 |    236 |   1859 |   4 |  657.8 |
               +--------+--------+--------+--------+--------+-----+--------+

Top non-repeatable levels by time:
     D:1: 1173 daAuts
     D:3: 852 daAuts
     D:2: 570 daAuts
     D:4: 35 daAuts
